cohdb
Replays
Latest Replays
All Replays
Popular Replays
Top Player Replays
Match Explorer
How It Works
Community
CoH3 Stats
Reddit
Sign in to upload your games and track your stats! →
Sign in with Steam
Match 42971123
Unlisted
Match 42971123
Overview
Messages
Build Orders
End
Construct Infanterie Kompanie
MG 42 Machine Gun Team
Selects Terror Battlegroup
Selects Machine Gun Camouflage
Grenadier Squad
Grenadier Squad
GrW 34 Mortar Team
Infanterie Officer Quarters
MG 42 Machine Gun Team
Construct Panzergrenadier Kompanie
Selects Contempt for the Weak
Pak 40 Anti-tank Gun Team
MG 42 Bunker
Support Elements
Nebelwerfer 42 Rocket Launcher Team
Medical Bunker
MG 42 Bunker
StuG III G Assault Gun
Selects No Quarter
Construct Panzer Kompanie
MG 42 Bunker
Selects Propaganda Leaflet Drop
Panzer IV Medium Tank
Side Skirts
Panzer IV Medium Tank
Panzergrenadier Squad
Panzergrenadier Squad
Skull Throne
[C] GonzLife
zoomy2
suoz250rdr
Extrawood
串联聚能破甲BGM-71酱
JVM
飞漩
0
0
Comments
sign in to comment!
No comments posted yet!